 Dungeon Crawl Stone Soup version 0.19.1 (webtiles) character file.

65 M4edhros the Poker (level 4, -14/28 HPs)
             Began as a Kobold Chaos Knight on Dec 26, 2016.
             Demolished by a hell hound (18 damage)
             ... on level 2 of the Dungeon.
             The game lasted 00:03:10 (5633 turns).

M4edhros the Poker (Kobold Chaos Knight)            Turns: 5633, Time: 00:03:11

Health: -14/28     AC:  5    Str:  8 (9)  XL:     4   Next: 34%
Magic:  4/4        EV: 13    Int: 11      God:    Xom [.*....]
Gold:   72         SH:  0    Dex:  9 (13) Spells: 0 memorised, 3 levels left

rFire  . . .     SeeInvis .     a - +0 spear (chaos)
rCold  + . .     Gourm    .     b - +2 leather armour
rNeg   . . .     Faith    .     (shield restricted)
rPois  .         Spirit   .     (no helmet)
rElec  .         Reflect  .     (no cloak)
rCorr  .         Harm     .     (no gloves)
MR     .....                    (no boots)
Stlth  +.........               (no amulet)
                                (no ring)
                                m - ring of protection from cold

@: drained
A: carnivore 3, clumsy 1, deterioration 1, dopey 1
a: Renounce Religion


You were on level 2 of the Dungeon.
You worshipped Xom.
You were a plaything of Xom.
You were not hungry.

You visited 1 branch of the dungeon, and saw 2 of its levels.

You collected 72 gold pieces.

Inventory:

Hand Weapons
 a - a +0 spear of chaos (weapon)
Armour
 b - a +2 leather armour (worn)
 h - a +0 shield
Jewellery
 m - a ring of protection from cold (left hand)
Wands
 l - a wand of iceblast (0/15)
Scrolls
 e - 3 scrolls of remove curse
 g - a scroll of fog
Comestibles
 c - a meat ration
 i - a beef jerky
 j - a royal jelly


   Skills:
 - Level 3.2(2.6) Fighting
 + Level 4.0(3.3) Polearms
 - Level 0.7(0.1) Armour
 - Level 2.4(1.7) Dodging


You had 3 spell levels left.
You didn't know any spells.

Dungeon Overview and Level Annotations

Branches:
Dungeon (2/15)

Altars:
Xom


Innate Abilities, Weirdness & Mutations

You are small and have problems with some larger weapons.
You are carnivorous and can eat meat at any time.
You are clumsy. (Dex -2)
Your body sometimes deteriorates upon taking damage.
You are dopey. (Int -2)


Message History

Evoking this partially-identified wand wasted a few charges.
The hell hound closely misses you. x2
Unknown command.
Evoke which item? (* to show all) (? for menu, Esc to quit)
Zapping:
l - a wand of iceblast {zapped: 9} {god gift} (will waste charges)
Press: ? - help, Shift-Dir - straight line Nothing appears to happen.
Xom briefly touches your surroundings. The hell hound closely misses you.
The hell hound barely misses you.
Evoke which item? (* to show all) (? for menu, Esc to quit)
Okay, then.
You aren't carrying any potions.
As you read the scroll labeled NEAWAXT MYIJ, it crumbles to dust.
You feel aware of your surroundings.
You sensed 1 altar.
It was a scroll of magic mapping.
The hell hound bites you but does no damage.
The hell hound bites you!!
Ouch! That really hurt!
You die...
Xom roars with laughter!

#....#.## ####.........#
#.......# #.........##
#....#..## #..........#
#....#...### #...........
#....#.....# ##.........#.
#....##..#.## #..........#*
####.##..._.####..........#*
#.###.#...##...........#,
#...#..#@.##.#########...
###.##.##h.#.#########.##
#..#.......<.......#,.,
##...#.#............,,*
###>..............#,,*
###...###........,**
#.....#.#.#####***
###.#.......# *
*#...........########


You could see a hell hound (berserk).

Vanquished Creatures
  An adder (D:2)
  An ooze (D:1)
  A worm (D:2)
  3 dart slugs
  A ball python (D:2)
  7 bats
  4 giant cockroaches
  7 goblins
  3 hobgoblins (D:2)
  8 kobolds
  6 rats
42 creatures vanquished.

Notes
Turn   | Place    | Note
-------+----------+-------------------------------------------
     0 | D:1      | M4edhros the Kobold Chaos Knight began the quest for the Orb.
     0 | D:1      | Reached XP level 1. HP: 14/14 MP: 1/1
    81 | D:1      | XOM: harmless Conj miscast
   245 | D:1      | XOM: give mutations
   245 | D:1      | Gained mutation: Your body sometimes deteriorates upon taking damage. [Xom's mischief]
   245 | D:1      | Gained mutation: You are clumsy. (Dex -2) [Xom's mischief]
   245 | D:1      | Gained mutation: You are dopey. (Int -2) [Xom's mischief]
  1124 | D:1      | XOM: polymorph kobold -> bat
  1452 | D:1      | XOM: noise
  1458 | D:1      | Reached XP level 2. HP: 19/19 MP: 2/2
  1460 | D:1      | Reached skill level 3 in Polearms
  1605 | D:1      | XOM: medium Hex miscast
  1692 | D:1      | XOM is BORED!
  1692 | D:1      | XOM: draining
  2254 | D:1      | XOM: 6-stop teleportation journey
  2273 | D:1      | Reached XP level 3. HP: 19/23 MP: 3/3
  2299 | D:1      | XOM: enchant monster (bad)
  2418 | D:1      | XOM: severe Conj miscast
  2536 | D:1      | XOM: summons 1 hostile demon
  2891 | D:1      | XOM: 1-stop teleportation journey
  3159 | D:1      | XOM: 3-stop teleportation journey
  3568 | D:1      | XOM: 1-stop teleportation journey
  3583 | D:1      | XOM: divination: detect items
  3616 | D:1      | XOM: god gift: gold wand {god gift}
  3714 | D:2      | XOM: fog
  3991 | D:2      | Reached XP level 4. HP: 25/28 MP: 4/4
  4402 | D:2      | XOM: harmless Air miscast
  4774 | D:2      | XOM: summons 2 hostile demons
  4855 | D:2      | XOM: mild Air miscast
  5304 | D:2      | Reached skill level 4 in Polearms
  5620 | D:2      | Noticed a hell hound
  5620 | D:2      | a worm changed into a hell hound
  5620 | D:2      | XOM: enchant monster (bad)
  5621 | D:2      | XOM: confuse monster(s)
  5627 | D:2      | HP: 1/28 [hell hound (3)]
  5628 | D:2      | Xom revived you
  5629 | D:2      | Xom revived you
  5632 | D:2      | XOM: scenery: create altars
  5633 | D:2      | Demolished by a hell hound

Skill      XL: |  1  2  3  4 |
---------------+-------------+-----
Polearms       | 3 4 |  4.0
Fighting       | |  3.2
Armour         | |  0.7
Dodging        | |  2.4

Action                   |  1- 3 |  4- 6 || total
-------------------------+-------+-------++-------
Melee: Spear             |    92 |    53 ||   145
Evoke: Wand              |       |     3 ||     3
  Use: Scroll            |       |     3 ||     3
       Potion            |       |     1 ||     1
 Stab: Petrified         |     5 |     1 ||     6
       Sleeping          |     2 |     1 ||     3
       Petrifying        |     1 |       ||     1
       Confused          |       |     1 ||     1
  Eat: Chunk             |     8 |     8 ||    16
Armor: Leather armour    |    22 |    12 ||    34
Dodge: Dodged            |    30 |    46 ||    76
